 Dungeon Crawl Stone Soup version 0.29-a0-813-g4a14ea37d6 (webtiles) character file.

Game seed: 18175198873429264618

74 nicolae the Ruffian (level 4, -1/40 HPs)
             Began as a Troll Transmuter on July 5, 2022.
             Slain by a goblin
             ... wielding a +0 club
             ... led by Robin
              (3 damage)
             ... on level 2 of the Dungeon.
             The game lasted 00:02:13 (722 turns).

nicolae the Ruffian (Troll Transmuter)               Turns: 722, Time: 00:02:14

Health: -1/40      AC:  4    Str: 18    XL:     4   Next: 10%
Magic:  5/5        EV:  9    Int: 11    God:
Gold:   133        SH:  0    Dex: 10    Spells: 3/6 levels left

rFire   . . .      SeeInvis .     - Unarmed
rCold   . . .      Faith    .   (no shield)
rNeg    + . .      Spirit   .   a - +0 robe
rPois   .          Reflect  .   (helmet restricted)
rElec   .          Harm     .   (no cloak)
rCorr   .          Rampage  .   (gloves unavailable)
Will    .....                   (boots unavailable)
Stlth   +.........              g - amulet of magic regeneration
HPRegen 0.93/turn               j - ring of positive energy
MPRegen 0.49/turn               (no ring)

@: lethally poisoned (-1 -> -9), wereblooded
A: large, unfitting armour, claws 3, regeneration 1, shaggy fur 1, tough skin 1
a: no special abilities


You were on level 2 of the Dungeon.
You visited 1 branch of the dungeon, and saw 2 of its levels.

You collected 133 gold pieces.

Inventory:

Missiles
 c - a throwing net
Armour
 a - a +0 robe (worn)
Jewellery
 g - an amulet of magic regeneration (around neck)
 j - a ring of positive energy (left claw)
Scrolls
 d - a scroll of brand weapon {unknown}
 f - 3 scrolls of fog {unknown}
 h - a scroll of silence {unknown}
 l - a scroll of noise {unknown}
Potions
 b - a potion of lignification
 e - 2 potions of degeneration {unknown}
 i - a potion of brilliance {unknown}
 k - a potion of heal wounds {unknown}


   Skills:
 - Level 0.7 Fighting
 - Level 1.5 Dodging
 + Level 3.7 Unarmed Combat
 + Level 1.9 Spellcasting
 + Level 2.2 Transmutations


You had 3 spell levels left.
You knew the following spells:

 Your Spells              Type           Power      Damage    Failure   Level
a - Beastly Appendage     Tmut           10%        N/A       12%         1
b - Wereblood             Tmut           5%         N/A       19%         2

Your spell library contained the following spells:

 Spells                   Type           Power      Damage    Failure   Level
 Spider Form              Tmut/Pois      3%         N/A       50%         3
 Ice Form                 Ice/Tmut       3%         N/A       88%         4


Dungeon Overview and Level Annotations

Branches:
Dungeon (2/15)

Altars:
Zin


Innate Abilities, Weirdness & Mutations

You are too large for most types of armour.
You have claws for hands.
Your natural rate of healing is unusually fast.
You are covered in fur. (AC +1)
You have tough skin. (AC +1)


Message History

You claw the hobgoblin!
You feel a bit better.
You kill the hobgoblin!
The bat hits you but does no damage. The hobgoblin misses you.
The goblin barely misses you. The endoplasm hits you.
The goblin closely misses you. Robin throws the goblin at you!
The goblin barely misses you.
You scratch the hobgoblin.
The hobgoblin is almost dead.
The bat hits you. The hobgoblin hits you.
The goblin hits you but does no damage. x2; The endoplasm barely misses you.
The goblin hits you but does no damage. The goblin hits you with a +0 club.
Unknown command.
You claw Robin!
You feel a bit better.
You kill Robin!
The bat barely misses you. The bat hits you. The endoplasm hits you.
The goblin hits you with a +0 dagger. The bat hits you but does no damage.
The hobgoblin hits you.
* * * LOW HITPOINT WARNING * * *
The goblin hits you with a +0 club.
* * * LOW HITPOINT WARNING * * *
The goblin barely misses you. The goblin hits you but does no damage.
You are poisoned.
You have reached level 4!
You scratch the hobgoblin.
You feel a bit better.
You kill the hobgoblin!
You feel very sick. The bat hits you but does no damage.
The goblin closely misses you. The goblin hits you but does no damage.
The endoplasm hits you but does no damage.
The hobgoblin barely misses you. The goblin barely misses you.
The goblin hits you with a +0 dagger of venom.
* * * LOW HITPOINT WARNING * * *
You claw the goblin!
You feel a bit better.
You kill the goblin!
You feel sick. The bat hits you but does no damage.
The goblin hits you with a +0 dagger of venom.
* * * LOW HITPOINT WARNING * * *
You are more poisoned.
The goblin hits you with a +0 club.
You die...

..#.#.## .......####.
... ............. ..##
..#...# .#..###..######
#...#. #. ......?......
#...# .###............
##..####.....#...<......
........[....#.Jg)......
#.##....####.#..@g$.....
..#####.# #.#bgg)......
### #.####.#..†.......
#.......#.########
##......).# #......###
#.†....####
#.........###
#...........#


You could see an endoplasm, a hobgoblin (strong), 3 goblins and a bat.

Vanquished Creatures
  Robin (D:2)
  An adder (D:2)
  2 dart slugs
  5 ball pythons
  8 endoplasms
  A giant cockroach (D:2)
  6 hobgoblins
  2 kobolds
  A quokka (D:1)
  4 bats
  4 frilled lizards
  6 goblins
  7 rats
48 creatures vanquished.

Vanquished Creatures (others)
  2 fungi (D:2)
2 creatures vanquished.

Grand Total: 50 creatures vanquished

Notes
Turn   | Place    | Note
-------+----------+-------------------------------------------
     0 | D:1      | nicolae the Troll Transmuter began the quest for the Orb.
     0 | D:1      | Reached XP level 1. HP: 18/18 MP: 1/1
    71 | D:1      | Reached XP level 2. HP: 26/26 MP: 3/3
   464 | D:2      | Reached XP level 3. HP: 31/32 MP: 4/4
   478 | D:2      | Found a glowing silver altar of Zin.
   569 | D:2      | Found a faded altar of an unknown god.
   584 | D:2      | Learned a level 2 spell: Wereblood
   707 | D:2      | Noticed Robin
   720 | D:2      | Killed Robin
   721 | D:2      | Reached XP level 4. HP: 7/40 MP: 5/5
   722 | D:2      | HP: 2/40 [goblin/+0 dagger of venom[Robin] (5)]
   722 | D:2      | Slain by a goblin

Illustrated notes

Levels and vault maps discovered:
D:1:      roderic_octagonal_star, layout_rooms, minmay_misc_feat_doors
D:2:      layout_rooms, dreamdust_ecumenical_altar_grove, basic_altar,
          uniq_robin

Skill      XL: |  1  2  3 |
---------------+----------+-----
Transmutations | 2 |  2.2
Fighting       | |  0.7
Dodging        | |  1.5
Unarmed Combat | |  3.7
Spellcasting   | |  1.9

Action                   |  1- 3 |  4- 6 || total
-------------------------+-------+-------++-------
Melee: Unarmed           |    99 |     2 ||   101
       Punch             |     4 |       ||     4
 Cast: Wereblood         |     1 |       ||     1
Armor: Robe              |    62 |     4 ||    66
Dodge: Dodged            |    58 |     3 ||    61

Table legend: (Time is in decaauts)
 A = Elapsed time spent in this place.
 B = Non-inter-level travel time spent in this place.
 C = Inter-level travel time spent in this place.
 D = Time resting spent in this place.
 E = Time spent auto-exploring this place.
 F = Levels seen in this place.
 G = Mean time per level.
                   A        B        C        D        E       F      G
               +--------+--------+--------+--------+--------+-----+--------+
         Total |    715 |    705 |     10 |      0 |    494 |   2 |  357.5 |
       Dungeon |    715 |    705 |     10 |      0 |    494 |   2 |  357.5 |
               +--------+--------+--------+--------+--------+-----+--------+

Top non-repeatable levels by time:
     D:1: 454 daAuts
     D:2: 260 daAuts
